 Dungeon Crawl Stone Soup version 0.27-a0-1140-g099f9bb0e8 (webtiles) character file.

Game seed: 4500615195565675717

33 jasper the Cudgeller (level 3, 0/28 HPs)
             Began as a Demonspawn Wanderer on May 8, 2021.
             Was a Follower of Nemelex Xobeh.
             Slain by an orc
             ... wielding a +0 trident
              (8 damage)
             ... on level 3 of the Dungeon.
             The game lasted 00:02:48 (1896 turns).

jasper the Cudgeller (Demonspawn Wanderer)          Turns: 1896, Time: 00:02:49

Health: 0/28       AC:  5    Str: 10 (12) XL:     3   Next: 12%
Magic:  6/6        EV:  9    Int:  9 (11) God:    Nemelex Xobeh [*.....]
Gold:   6          SH:  0    Dex: 14 (15) Spells: 5/6 levels left

rFire    . . .     SeeInvis .   n - +1 flail
rCold    . . .     Faith    .   (no shield)
rNeg     . . .     Spirit   .   h - +0 ring mail
rPois    .         Reflect  .   (no helmet)
rElec    .         Harm     .   (no cloak)
rCorr    .         Rampage  .   (no gloves)
Will     .....                  (no boots)
Stlth    +.........             (no amulet)
HPRegen  0.09/turn              (no ring)
MPRegen  0.20/turn              (no ring)

@: no status effects
A: magic regeneration
a: Renounce Religion, Draw Escape, Draw Destruction, Draw Summoning


You were on level 3 of the Dungeon.
You worshipped Nemelex Xobeh.
Nemelex Xobeh was aware of your devotion.
You visited 1 branch of the dungeon, and saw 3 of its levels.

You collected 6 gold pieces.

Inventory:

Hand Weapons
 a - a +0 dagger
 e - a +0 short sword
 j - a +0 club
 n - a +1 flail (weapon)
Missiles
 g - 29 stones (quivered)
Armour
 d - a +0 robe
 f - a +0 leather armour
 h - a +0 ring mail (worn)
Potions
 b - a potion of curing
 k - a potion of haste
Miscellaneous
 c - a piece from Xom's chessboard (15/15)


   Skills:
 + Level 2.4 Fighting
 * Level 2.6 Maces & Flails
 + Level 1.5 Armour
 - Level 2.0 Spellcasting
 - Level 1.0 Transmutations
 + Level 0.6 Invocations
 - Level 2.0 Evocations


You had 5 spell levels left.
You knew the following spells:

 Your Spells              Type           Power      Damage    Failure   Level
a - Magic Dart            Conj           0%         1d3       63%         1

Your spell library contained the following spells:

 Spells                   Type           Power      Damage    Failure   Level
 Blink                    Tloc           N/A        N/A       77%         2
 Call Imp                 Summ           0%         N/A       77%         2
 Slow                     Hex            0%         N/A       77%         2
 Conjure Flame            Conj/Fire      0%         6-21      94%         3
 Mephitic Cloud           Conj/Pois/Air  0%         N/A       94%         3


Dungeon Overview and Level Annotations

Branches:
Dungeon (3/15)

Altars:
Nemelex Xobeh

Shops:
D:1 (

Annotations:
D:2 Sigmund


Innate Abilities, Weirdness & Mutations

You regenerate magic rapidly.


Message History

There was something very wrong with that liquid.
You feel weakened.
You feel dopey.
You feel clumsy. The kobold hits you but does no damage.
The kobold throws a stone.
The stone hits you.
You take 1 damage, and have 10/28 hp.
The kobold throws a stone.
The stone barely misses you.
Found 6 gold pieces.
There is a stone staircase leading down here.
Things that are here:
a +0 club; a kobold corpse You climb downwards.
Reactivating autopickup.
A rat, a quokka and a goblin come into view.
The goblin shouts!
You hear a shout!
Found a scroll labelled XIACZEFRAMO.
Found a stone staircase leading down.
There is a stone staircase leading up here.
Found a stone staircase leading up.
Found a lumpy blue potion.
An orc comes into view. It is wielding a +0 trident.
The orc shouts!
The orc moves out of view.
A bat comes into view.
You completely miss the bat. The bat hits you but does no damage.
The bat barely misses you.
You hit the bat.
You kill the bat!
The quokka bites you but does no damage.
You hit the quokka.
You kill the quokka!
You hit the goblin.
You kill the goblin!
You closely miss the rat. The orc barely misses you. The rat barely misses you.
The orc hits you from afar with a +0 trident.
The rat bites you.
* * * LOW HITPOINT WARNING * * *
You take 4 damage, and have 8/28 hp.
You closely miss the rat.
The orc hits you from afar with a +0 trident!
You die...
Your body disappears without a glow.

..## ..# #?# .
.######g######.. ..
........<.......
...
######.######......
#...# .....
####.####......
#.....r@...!...
#..##.o##.####.# #.
#... .# # #.#....
#.P..#.. §.P...#.#
.PP....#.. §§.
.......


You could see an orc and a rat.

Vanquished Creatures
  A gnoll (D:1)
  A dart slug (D:1)
  3 endoplasms (D:1)
  A giant cockroach (D:1)
  2 goblins
  4 kobolds
  2 quokkas
  2 ball pythons (D:1)
  3 bats
  6 rats
25 creatures vanquished.

Vanquished Creatures (others)
  A plant (D:3)
1 creature vanquished.

Grand Total: 26 creatures vanquished

Notes
Turn   | Place    | Note
-------+----------+-------------------------------------------
     0 | D:1      | jasper the Demonspawn Wanderer began the quest for the Orb.
     0 | D:1      | jasper set off with the following items: a +0 dagger, a
                  | potion of curing, a piece from Xom's chessboard (15/15), a
                  | +0 robe; and the following spell memorised: Magic Dart; and
                  | the following spells available to memorise: Blink, Call
                  | Imp, Slow, Conjure Flame, Mephitic Cloud
     0 | D:1      | Reached XP level 1. HP: 16/16 MP: 3/3
   529 | D:1      | Gained mutation: You regenerate magic rapidly. [demonic
                  | ancestry]
   529 | D:1      | Reached XP level 2. HP: 14/22 MP: 5/5
   998 | D:1      | Found a faded altar of an unknown god.
  1027 | D:1      | Became a worshipper of Nemelex Xobeh the Trickster
  1027 | D:1      | Reached * piety under Nemelex Xobeh
  1027 | D:1      | Received a gift from Nemelex Xobeh
  1277 | D:1      | Found Moucojiy's Antique Weapon Shop.
  1331 | D:1      | Reached XP level 3. HP: 20/28 MP: 6/6
  1860 | D:2      | Noticed Sigmund
  1896 | D:3      | Slain by an orc

Illustrated notes

Levels and vault maps discovered:
D:1:      dpeg_arrival_arbitrary_a, layout_loops_ring, serial_shops, shop,
          shapermc_ecumenical_altar_mp_vishouse, minmay_ruptured
D:2:      layout_rooms, chequers_decorated_corner, uniq_sigmund, uniq_robin
D:3:      layout_rooms, nicolae_hepliaklqana_hazy_memory

Skill      XL: |  1 |
---------------+----+-----
Maces & Flails | 2 |  2.6
Fighting       | |  2.4
Armour         | |  1.5
Spellcasting   | |  2.0
Transmutations | |  1.0
Invocations    | |  0.6
Evocations     | |  2.0

Action                   || total
-------------------------++-------
Melee: Short sword       ||    41
       Dagger            ||     3
       Club              ||    17
       Flail             ||    11
Throw: Stone             ||    21
Invok: Draw Destruction  ||     4
  Use: Scroll            ||     2
       Potion            ||     1
Armor: Leather armour    ||     7
       Ring mail         ||    22
Dodge: Dodged            ||    47

Table legend: (Time is in decaauts)
 A = Elapsed time spent in this place.
 B = Non-inter-level travel time spent in this place.
 C = Inter-level travel time spent in this place.
 D = Time resting spent in this place.
 E = Time spent auto-exploring this place.
 F = Levels seen in this place.
 G = Mean time per level.
                   A        B        C        D        E       F      G
               +--------+--------+--------+--------+--------+-----+--------+
         Total |   1905 |   1849 |     56 |    431 |   1143 |   3 |  635.0 |
       Dungeon |   1905 |   1849 |     56 |    431 |   1143 |   3 |  635.0 |
               +--------+--------+--------+--------+--------+-----+--------+

Top non-repeatable levels by time:
     D:1: 1852 daAuts
     D:2: 39 daAuts
     D:3: 13 daAuts
